 Dungeon Crawl Stone Soup version 0.29.1-15-g9cfb28693d (webtiles) character file.

Game seed: 4814079006048912599

10237 Libra00 the Grappler (level 11, -3/109 HPs)
             Began as a Troll Fighter on June 5, 2023.
             Was a Priest of Wu Jian.
             Slain by Urug
             ... wielding a +5 scimitar of protection
              (24 damage)
             ... on level 1 of the Lair of Beasts.
             The game lasted 00:54:19 (9817 turns).

Libra00 the Grappler (Troll Fighter)                Turns: 9817, Time: 00:54:20

Health: -3/109     AC: 10    Str: 36    XL:     11   Next: 33%
Magic:  10/10      EV: 10    Int:  4    God:    Wu Jian [***...]
Gold:   557        SH:  9    Dex:  9    Spells: 10/10 levels left

rFire   . . .      SeeInvis .     - Unarmed
rCold   . . .      Faith    .   b - +0 kite shield
rNeg    . . .      Spirit   .   E - +0 steam dragon scales
rPois   .          Reflect  .   (helmet restricted)
rElec   .          Harm     .   C - +0 cloak
rCorr   .          Rampage  .   (gloves unavailable)
Will    .....      Rage     3%  (boots unavailable)
Stlth   +.........              n - amulet of magic regeneration
HPRegen 1.08/turn               z - +6 ring of strength
MPRegen 0.52/turn               H - ring of Henotheism {Wiz Fly}

@: flying
A: large, unfitting armour, claws 3, regeneration 1, shaggy fur 1, tough skin 1,
iridescent scales 1, berserk 1
a: Renounce Religion, Wall Jump, Serpent's Lash


You were on level 1 of the Lair of Beasts.
You worshipped Wu Jian.
Wu Jian was most pleased with you.
You visited 3 branches of the dungeon, and saw 12 of its levels.

You collected 557 gold pieces.

Inventory:

Hand Weapons
 a - a +1 vorpal mace
Armour
 b - a +0 kite shield (worn)
 C - a +0 cloak (worn)
 E - +0 steam dragon scales (worn)
Jewellery
 n - an amulet of magic regeneration (around neck)
 q - a ring of positive energy
 w - a ring of poison resistance
 z - a +6 ring of strength (left claw)
 H - the ring of Henotheism (right claw) {Wiz Fly}
   (You found it on level 10 of the Dungeon)

   [ring of wizardry]

   It improves your spell success rate.
   Fly:       It grants you flight.
 I - a +4 ring of evasion
Wands
 s - a wand of charming (5)
 v - a wand of iceblast (9)
 x - a wand of acid (11)
 A - a wand of polymorph (10)
 G - a wand of flame (28)
Scrolls
 d - 2 scrolls of magic mapping {unknown}
 f - 5 scrolls of identify
 g - 9 scrolls of teleportation
 i - 3 scrolls of enchant weapon {unknown}
 j - 4 scrolls of immolation
 k - 2 scrolls of blinking {unknown}
 m - 2 scrolls of enchant armour {unknown}
 p - 2 scrolls of amnesia {unknown}
 r - 3 scrolls of noise {unknown}
 t - a scroll of brand weapon {unknown}
 y - a scroll of fog {unknown}
 D - 3 scrolls of fear {unknown}
Potions
 c - a potion of might
 e - 3 potions of flight
 h - a potion of cancellation {unknown}
 l - a potion of resistance {unknown}
 o - 5 potions of mutation
 u - 2 potions of heal wounds {unknown}
 B - 2 potions of curing
 F - 2 potions of degeneration {unknown}


   Skills:
 + Level 7.6 Fighting
 + Level 5.5 Dodging
 + Level 8.3 Shields
 * Level 12.1 Unarmed Combat


You had 10 spell levels left.
You didn't know any spells.
Your spell library contained the following spells:

 Spells                   Type           Power      Damage    Failure   Level
 Necrotise                Necr           0%         1d4       41%         1
 Ensorcelled Hibernation  Hex/Ice        0%         N/A       52%         2
 Scorch                   Fire           0%         2d5       52%         2
 Sublimation of Blood     Necr           0%         N/A       52%         2
 Wereblood                Tmut           0%         N/A       52%         2
 Ozocubu's Armour         Ice            0%         N/A       77%         3
 Spider Form              Tmut/Pois      0%         N/A       77%         3
 Summon Guardian Golem    Hex/Summ       0%         N/A       77%         3
 Vampiric Draining        Necr           0%         2d6       77%         3
 Anguish                  Hex/Necr       0%         N/A       98%         4
 Animate Dead             Necr           0%         N/A       98%         4
 Flame Wave               Conj/Fire      0%         2d4       98%         4
 Agony                    Necr           0%         N/A       100%        5
 Borgnjor's Vile Clutch   Necr/Erth      0%         N/A       100%        5
 Lee's Rapid Deconstruct  Erth           0%         3d5*      100%        5
 Metabolic Englaciation   Hex/Ice        0%         N/A       100%        5
 Death Channel            Necr           0%         N/A       100%        6
 Summon Cactus Giant      Summ           0%         N/A       100%        6
 Ozocubu's Refrigeration  Ice            0%         4d7       100%        7
 Summon Hydra             Summ           0%         N/A       100%        7


Dungeon Overview and Level Annotations

Branches:
Dungeon (10/15)            Temple (1/1) D:5            Lair (1/5) D:10
    Orc: D:9-12

Altars:
Ashenzari
Cheibriados
Dithmenos
Elyvilon
Fedhas
Gozag
Hepliaklqana
Kikubaaqudgha
Makhleb
Nemelex Xobeh
Okawaru
Qazlal
Ru
Sif Muna
Trog
Uskayaw
Vehumet
Wu Jian
Xom
Yredelemnul
Zin
The Shining One

Annotations:
Lair:1 exclusion: oklob plant, Urug


Innate Abilities, Weirdness & Mutations

You are too large for most types of armour.
You have claws for hands.
Your natural rate of healing is unusually fast.
You are covered in fur. (AC +1)
You have tough skin. (AC +1)
You are partially covered in iridescent scales. (AC +2)
You sometimes lose your temper in combat.


Message History

You scratch Nergalle but do no damage.
Nergalle is heavily wounded.
Nergalle casts a spell at you.
Orcish apparitions take form around you.
You claw Nergalle!
Nergalle is severely wounded.
You block Nergalle's attack.
You mangle Nergalle!!
You kill Nergalle!
The Council accepts your kill.
The spectral orc warrior disappears in a puff of smoke! x3
Urug throws a javelin.
The javelin pierces through you!!
Your life force feels restored.
You block Urug's attack.
Things that are here:
a +0 dagger; a +0 robe; the orc corpse of Nergalle You scratch Urug but do no damage.
Urug hits you with a +5 scimitar of protection!!
You claw Urug!
Urug is lightly wounded.
Urug hits you with a +5 scimitar of protection!
You scratch Urug but do no damage.
Urug is lightly wounded.
You block Urug's attack.
You miss Urug.
Urug is lightly wounded.
You block Urug's attack.
You scratch Urug.
Urug is moderately wounded.
Urug hits you with a +5 scimitar of protection!
You mangle Urug!!
Urug is heavily wounded.
You mangle Urug!!
Urug is almost dead.
Urug hits you with a +5 scimitar of protection!!
* * * LOW HITPOINT WARNING * * *
You feel better.
Urug screams, "Payback for my eye!"
Urug hits you with a +5 scimitar of protection!!
You die...

...........##.#..# #..
.......>.......... #..
###................ #..
##...............# .####..
#................# ....$..
#P...............# ...o..##
###...............#
#..P#####.#...............#
#........o@...............#
#.........................#
#P....#######...............#
.......## #.)..............
....... #................
>.#P#.. #...............# .
###.. ...........(.....# #..
./...............#
PP..............#


You could see Urug.

Vanquished Creatures
  Nergalle (Lair:1)
  Pikel (D:6)
  A gargoyle (D:9)
  A cane toad (Lair:1)
  A komodo dragon (Lair:1)
  Maggie (D:9)
  A tengu conjurer (D:10)
  3 trolls (D:10)
  2 hornets
  Grinder (D:4)
  A slime creature (D:10)
  Prince Ribbit (D:7)
  2 wyverns
  A shadow (D:10)
  7 yaks
  Eustachio (D:5)
  3 water moccasins (Lair:1)
  Duvessa (D:7)
  3 orc warriors
  A sky beast (D:8)
  3 black bears
  3 ice beasts
  4 centaurs
  A lemure (D:6)
  2 phantoms
  2 kobold brigands (D:9)
  3 bullfrogs
  2 necrophages
  2 gnoll sergeants
  4 scorpions
  25 killer bees
  Dowan (D:7)
  A jelly (D:6)
  A howler monkey (D:9)
  2 hounds (D:5)
  6 orc priests
  A gnoll bouda (D:7)
  Jessica (D:3)
  An iguana (D:4)
  5 orc wizards
  Robin (D:2)
  6 adders
  14 gnolls
  A shadow imp (D:6)
  A white imp (D:4)
  3 ufetubi (D:5)
  2 worms (D:2)
  4 dart slugs
  33 orcs
  3 bats
  5 endoplasms
  2 giant cockroaches
  19 goblins
  10 hobgoblins
  6 jackals
  16 kobolds
  4 quokkas
  2 ball pythons
  A frilled lizard (D:3)
  A rat (D:2)
238 creatures vanquished.

Vanquished Creatures (others)
  A fungus (Lair:1)
  4 plants
5 creatures vanquished.

Grand Total: 243 creatures vanquished

Notes
Turn   | Place    | Note
-------+----------+-------------------------------------------
     0 | D:1      | Libra00 the Troll Fighter began the quest for the Orb.
     0 | D:1      | Reached XP level 1. HP: 22/22 MP: 0/0
   172 | D:1      | Reached XP level 2. HP: 29/29 MP: 1/1
   648 | D:1      | Reached XP level 3. HP: 29/36 MP: 2/2
   815 | D:1      | Reached skill level 3 in Unarmed Combat
  1585 | D:2      | Noticed Robin
  1680 | D:2      | Killed Robin
  1695 | D:2      | Reached XP level 4. HP: 40/44 MP: 3/3
  1740 | D:2      | Found a sacrificial altar of Ru.
  1755 | D:2      | Found a faded altar of an unknown god.
  1776 | D:2      | You fall into a shaft and drop 1 floor!
  1794 | D:3      | Noticed Jessica
  1810 | D:3      | Killed Jessica
  2368 | D:3      | Reached XP level 5. HP: 48/53 MP: 4/4
  2518 | D:3      | Reached skill level 4 in Unarmed Combat
  3268 | D:4      | Reached XP level 6. HP: 56/61 MP: 5/5
  3293 | D:4      | Reached skill level 5 in Unarmed Combat
  3383 | D:4      | Noticed Grinder
  3397 | D:4      | Killed Grinder
  3398 | D:4      | Reached XP level 7. HP: 60/68 MP: 6/6
  3510 | D:4      | Reached skill level 6 in Unarmed Combat
  4053 | D:5      | Entered Level 5 of the Dungeon
  4256 | D:5      | Noticed Eustachio
  4304 | D:5      | HP: 3/71 [ice beast (9)]
  4320 | D:5      | Reached skill level 5 in Shields
  4320 | D:5      | Reached XP level 8. HP: 19/79 MP: 7/7
  4332 | D:5      | Gained mutation: You are partially covered in iridescent
                  | scales. (AC +2) [potion of mutation]
  4332 | D:5      | Gained mutation: You sometimes lose your temper in combat.
                  | [potion of mutation]
  4351 | D:5      | Killed Eustachio
  4352 | D:5      | Reached skill level 7 in Unarmed Combat
  4558 | D:5      | Found a staircase to the Ecumenical Temple.
  4566 | Temple   | Entered the Ecumenical Temple
  4566 | Temple   | Found a transporter.
  4566 | Temple   | Found a transporter.
  4568 | Temple   | Found a transporter.
  4568 | Temple   | Found a transporter.
  4606 | Temple   | Became a worshipper of the Wu Jian Council
  5054 | D:6      | Found an iron altar of Okawaru.
  5195 | D:6      | Reached skill level 5 in Fighting
  5411 | D:6      | Reached skill level 8 in Unarmed Combat
  5944 | D:7      | Noticed Pikel
  6011 | D:6      | Killed Pikel
  6012 | D:6      | Reached skill level 9 in Unarmed Combat
  6012 | D:6      | Reached XP level 9. HP: 21/89 MP: 8/8
  6479 | D:7      | Found a shimmering altar of Xom.
  6599 | D:7      | Noticed Duvessa
  6599 | D:7      | Noticed Dowan
  6603 | D:7      | Killed Duvessa
  6607 | D:7      | Killed Dowan
  6659 | D:7      | Noticed Prince Ribbit
  6684 | D:7      | Killed Prince Ribbit
  6743 | D:7      | Found a snail-covered altar of Cheibriados.
  6749 | D:7      | Found a stormy altar of Qazlal.
  6754 | D:7      | Found an opulent altar of Gozag.
  7086 | D:8      | Reached * piety under Wu Jian
  7153 | D:8      | Reached skill level 10 in Unarmed Combat
  7296 | D:8      | Identified the +1 ring mail "Tood" {rF+ Int+3}
  7355 | D:8      | Reached XP level 10. HP: 87/100 MP: 9/9
  7799 | D:9      | Noticed Maggie
  7811 | D:9      | Killed Maggie
  7967 | D:9      | Noticed a gargoyle
  7972 | D:9      | Killed a gargoyle
  8078 | D:9      | Reached ** piety under Wu Jian
  8334 | D:9      | Reached skill level 11 in Unarmed Combat
  8627 | D:10     | Entered Level 10 of the Dungeon
  8627 | D:10     | Found a staircase to the Lair.
  8776 | D:10     | Got Sif Muna's Omnibus of Charming Stones
  8989 | D:10     | Identified the ring of Henotheism {Wiz Fly}
  8993 | D:10     | Reached skill level 5 in Dodging
  9118 | D:10     | Reached XP level 11. HP: 95/109 MP: 10/10
  9482 | Lair:1   | Entered Level 1 of the Lair of Beasts
  9706 | Lair:1   | Reached skill level 12 in Unarmed Combat
  9741 | Lair:1   | Noticed an oklob plant
  9745 | Lair:1   | Reached *** piety under Wu Jian
  9789 | Lair:1   | Noticed Nergalle
  9791 | Lair:1   | Noticed Urug
  9808 | Lair:1   | Killed Nergalle
  9817 | Lair:1   | Slain by Urug

Illustrated notes

Levels and vault maps discovered:
D:1:      elethiomel_arrival_infinity_welcomes_careful_drivers,
          layout_loops_corners, dreamdust_princess_bridge
D:2:      layout_loops_ring, basic_altar, chequers_ecumenical_altar_twisty,
          uniq_robin
D:3:      kb_forest_paths, layout_basic, uniq_jessica
D:4:      corexii_shack_village, layout_basic, kennysheep_nondescript,
          uniq_grinder
D:5:      minmay_recursive_quarters, layout_basic, minmay_temple_entry_waves,
          uniq_eustachio
D:6:      layout_loops_corners, okawaru_ov_weapons_minmay,
          serial_co_window_serial, co_window_paths_a, co_window_paths_a,
          co_window_paths_b, co_window_of_opportunity_a, co_window_paths_a,
          co_window_paths_a, co_window_corner_b, co_window_of_opportunity_b,
          co_window_unsneaky_path_c, co_window_2corner, co_window_2corner,
          co_window_sun, glass_columns_a
D:7:      layout_loops_ring, minmay_overflow_temple_star_quad,
          mainiacjoe_overflow_tiny_flanked, serial_glass, glass_columns_a,
          glass_columns_a, hex_medium, uniq_prince_ribbit1, uniq_duvessa,
          uniq_pikel
D:8:      layout_loops_ring, nicolae_concentric_dashed_squares_wild
D:9:      layout_basic, uniq_maggie
D:10:     hangedman_cross_stitches, layout_loops_ring, lair_entry_dummy
Temple:   hellmonk_temple_divided_pantheon
Lair:1:   layout_small_grid, minmay_lair_oklob_bushes, uniq_urug, uniq_nergalle,
          uniq_gastronok

Skill      XL: |  1  2  3  4  5  6  7  8  9 10 11 |
---------------+----------------------------------+-----
Shields        | 3 4 5 6 7 8 |  8.3
Unarmed Combat | 3 4 5 6 9 10 11 12 | 12.1
Fighting       | 3 4 5 6 7 |  7.6
Dodging        | 3 5 |  5.5

Action                   |  1- 3 |  4- 6 |  7- 9 | 10-12 || total
-------------------------+-------+-------+-------+-------++-------
Melee: Unarmed           |    85 |   120 |   367 |   242 ||   814
Invok: Lunge             |       |       |    17 |    13 ||    30
       Whirlwind         |       |       |     2 |     6 ||     8
  Use: Potion            |       |       |     8 |     2 ||    10
       Scroll            |       |       |     1 |     3 ||     4
 Stab: Sleeping          |     1 |     1 |     1 |       ||     3
Armor: Robe              |    17 |    16 |   124 |    12 ||   169
       Skin              |       |       |    20 |       ||    20
       Steam dragon scal |       |       |       |    68 ||    68
Dodge: Dodged            |    19 |    35 |   152 |   103 ||   309
Block: Kite shield       |    21 |    42 |   203 |   125 ||   391
